 Dungeon Crawl Stone Soup version 0.31.0-12-g77e489cdc1 (webtiles) character file.

Game seed: 17828733809304313002

16025 Gadfly the Covert (level 12, -10/62 HPs)
             Began as a Spriggan Enchanter on Feb 19, 2024.
             Was an Initiate of Gozag.
             Killed from afar by an ice statue (20 damage)
             ... with a bolt of cold
             ... in an ice cave.
             The game lasted 00:28:18 (14768 turns).

Gadfly the Covert (Spriggan Enchanter)             Turns: 14768, Time: 00:28:19

Health: -10/62     AC:  7    Str:  2    XL:     12   Next: 6%
Magic:  26/26      EV: 34    Int: 17    God:    Gozag
Gold:   2998       SH:  0    Dex: 38    Spells: 24/29 levels left

rFire   + + .        a - +2 dagger (elec)
rCold   . . .        (no shield)
rNeg    + . .        j - +2 robe {rF+}
rPois   .            u - +2 hat
rElec   .            i - +0 cloak
rCorr   .            (gloves unavailable)
SInv    +            (boots unavailable)
Will    ++...        o - amulet of Beauty {rF+ rN+ Regen+}
Stlth   ++++++       G - +6 ring of dexterity
HPRegen 1.10/turn    z - +6 ring of dexterity
MPRegen 0.20/turn

%: clarity
@: very quick
A: very small, no large weapons, unfitting armour, see invisible, speed 3, agile
2, clarity
a: Renounce Religion, Potion Petition, Call Merchant, Bribe Branch


You were in an ice cave.
You worshipped Gozag.
Gozag was most pleased with you.
You visited 2 branches of the dungeon, and saw 12 of its levels.
You also visited: Sewer, Bailey and Ice Cave.

You collected 3244 gold pieces.
You spent 140 gold pieces at shops.
You paid 106 gold pieces to Gozag.

Inventory:

Hand Weapons
 a - a +2 dagger of electrocution (weapon)
 b - a +2 dagger of venom
 w - a +1 rapier of draining
 A - a +2 dagger of holy wrath
 I - a +1 scimitar of flaming
Armour
 i - a +0 cloak (worn)
 j - a +2 robe of fire resistance (worn)
 u - a +2 hat (worn)
Jewellery
 k - a ring of poison resistance
 l - an amulet of reflection
 o - the amulet of Beauty (around neck) {rF+ rN+ Regen+}
   (You acquired it in a bailey)

   [amulet of regeneration]

   rF+:       It protects you from fire.
   rN+:       It protects you from negative energy.
   Regen+:    It increases your rate of health regeneration.
 r - a ring of protection from fire
 s - a ring of willpower
 z - a +6 ring of dexterity (right hand)
 G - a +6 ring of dexterity (left hand)
Wands
 x - a wand of mindburst (34)
 y - a wand of flame (1)
 B - a wand of acid (9)
Scrolls
 e - 7 scrolls of teleportation
 p - a scroll of poison
 v - 4 scrolls of fog
 C - a scroll of brand weapon
 E - 2 scrolls of enchant weapon
 J - a scroll of blinking
 K - a scroll of amnesia
Potions
 c - 2 potions of invisibility
 d - 2 potions of resistance
 f - a potion of haste
 g - 2 potions of might
 h - 5 potions of attraction
 m - 2 potions of enlightenment
 n - 3 potions of brilliance
 q - a potion of lignification
 t - a potion of mutation
 D - 2 potions of heal wounds
 L - a potion of curing


   Skills:
 + Level 6.3 Fighting
 + Level 8.6 Short Blades
 + Level 10.1 Dodging
 + Level 12.3 Stealth
 + Level 9.4 Spellcasting
 + Level 9.7 Hexes
 + Level 9.5 Evocations


You had 24 spell levels left.
You knew the following spells:

 Your Spells              Type           Power      Damage    Failure   Level
a - Ensorcelled Hibernat  Hex/Ice        48%        N/A       1%          2
b - Confusing Touch       Hex            41%        N/A       1%          3

Your spell library contained the following spells:

 Spells                   Type           Power      Damage    Failure   Level
 Tukima's Dance           Hex            41%        N/A       1%          3
 Dazzling Flash           Conj/Hex       48%        N/A       3%          3
 Foxfire                  Conj/Fire      32%        2x1d5     9%          1
 Freeze                   Ice            32%        1d5       9%          1
 Necrotise                Necr           32%        1d5       9%          1
 Sting                    Conj/Alch      32%        1d5       9%          1
 Mercury Vapours          Alch/Air       16%        N/A       14%         2
 Frozen Ramparts          Ice            16%        1d3       26%         3
 Hailstorm                Conj/Ice       8%         3d5       26%         3
 Mephitic Cloud           Conj/Alch/Air  8%         N/A       26%         3
 Vampiric Draining        Necr           8%         2d6       26%         3
 Ignite Poison            Fire/Alch      8%         N/A       65%         4
 Leda's Liquefaction      Alch/Erth      4%         N/A       65%         4
 Martyr's Knell           Necr/Summ      8%         N/A       65%         4
 Olgreb's Toxic Radiance  Alch           8%         N/A       65%         4
 Sticky Flame             Fire/Alch      8%         2d4       65%         4
 Summon Lightning Spire   Summ/Air       8%         N/A       65%         4
 Curse of Agony           Necr           8%         N/A       94%         5
 Freezing Cloud           Conj/Ice/Air   4%         6-21      94%         5
 Plasma Beam              Fire/Air       4%         2x1d14    100%        6
 Starburst                Conj/Fire      4%         6d3       100%        6
 Haunt                    Necr/Summ      4%         N/A       100%        7
 Borgnjor's Revivificati  Necr           4%         N/A       100%        8
 Ignition                 Fire           4%         3d4       100%        8
 Death's Door             Necr           4%         N/A       100%        9


Dungeon Overview and Level Annotations

Branches:
Dungeon (11/15)            Temple (1/1) D:5            Lair (0/5) D:11
  Sewer (visited)          Bailey (visited)           IceCv (1/1)
    Orc: D:9-12

Altars:
Ashenzari
Cheibriados
Dithmenos
Elyvilon
Fedhas
Gozag
Hepliaklqana
Kikubaaqudgha
Makhleb
Nemelex Xobeh
Okawaru
Qazlal
Ru
Sif Muna
Trog
Uskayaw
Vehumet
Wu Jian
Xom
Yredelemnul
Zin
The Shining One

Shops:
D:3 (   D:9 [   D:10 [

Portals:
Trove: D:11 (give +7 demon whip)

Annotations:
D:4 3 runed translucent doors, Zeo's ghost, amateur BaHu; luckylaki's ghost, amateur TrBe IceCv exclusion: ice statue


Innate Abilities, Weirdness & Mutations

You are very small and have problems with some larger weapons.
You are too small for most types of armour.
You have supernaturally acute eyesight. (SInv)
You cover ground extremely quickly. (Speed+++)
You are very agile. (Dex +8, Str/Int -2)
You possess an exceptional clarity of mind.


Message History

Your hands begin to glow red.
You hit the dire elephant simulacrum but do no damage.
The dire elephant simulacrum appears confused.
The dire elephant simulacrum is moderately damaged.
You catch the helpless dire elephant simulacrum completely off-guard!
You perforate the dire elephant simulacrum like a sieve!!!
The dire elephant simulacrum vaporises!
No target in view!
You start resting.
You start resting.
Magic restored.
You now have 2998 gold pieces (gained 9).
The ice statue gestures at you. The freezing blast misses you.
Aiming: Charm
Press: ? - help, Shift-Dir - straight line, f - you
Okay, then.
Unknown command.
You are engulfed in freezing vapours.
You are engulfed in freezing vapours.
The ice statue gestures at you. The freezing blast misses you.
You are engulfed in freezing vapours.
You are engulfed in freezing vapours.
You hit the two-headed ogre simulacrum.
The two-headed ogre simulacrum is lightly damaged.
You are engulfed in freezing vapours.
* * * LOW HITPOINT WARNING * * *
The ice statue gestures.
Okay, then.
Aiming: Charm
Press: ? - help, Shift-Dir - straight line, f - two-headed ogre simulacrum
Aim: a two-headed ogre simulacrum (lightly damaged, chance to affect: 76%)
The two-headed ogre simulacrum is charmed.
The now-empty wand crumbles to dust.
You are engulfed in freezing vapours.
* * * LOW HITPOINT WARNING * * *
The ice statue gestures at you. The bolt of cold hits you!!
You die...
Your body crumbles into a pile of gold.

##.# ##..#
#...#..# #.##
#..## ##...###
#.## #..#
#####..# #..##
##.####☼####.#
##..###..#
#☼°°##§☼#
#...#..##
#○8○##○##
##.....#
#○☼Y°○○#
#.⌠..##
###○#○☼##
#...##
≈##@#####
##..##≈≈#Z##
####..≈≈###
##.#.##≈≈≈#
#.#.## ≈#≈#
##.## ## ≈.
### ≈# #


You could see an ice statue, an ice beast (summoned) and a friendly two-headed
ogre simulacrum (charmed).

Vanquished Creatures
  Snorg (D:9)
  A two-headed ogre (D:9)
  Urug (D:10)
  A fire crab (D:11)
  Lodul (D:11)
  An orc sorcerer (Bailey)
  Joseph (D:10)
  2 kobold demonologists
  An efreet (D:11)
  An ice devil (IceCv)
  A troll (D:9)
  3 hornets
  2 wyverns
  2 dire elephant simulacra (IceCv)
  2 wraiths
  18 yaks
  Eustachio (D:6)
  A steam dragon (D:10)
  4 vampire mosquitoes (D:11)
  Edmund (D:4)
  A harpy simulacrum (IceCv)
  A hydra simulacrum (IceCv)
  A sky beast (D:7)
  2 black bears
  12 orc warriors
  9 ogres
  4 centaurs
  A phantom (D:4)
  2 kobold brigands
  A gnoll sergeant (D:9)
  A scorpion (D:6)
  5 bullfrogs
  3 cane toad simulacra (IceCv)
  4 two-headed ogre simulacra
  5 wights
  3 elephant simulacra (IceCv)
  3 bombardier beetles
  7 howler monkeys
  4 electric eels (Bailey)
  4 jellies
  2 hounds (D:5)
  4 orc priests
  Terence (D:2)
  4 iguanas
  3 scorpion zombies (D:4)
  2 sleepcaps
  9 orc wizards
  10 troll simulacra (IceCv)
  3 spriggan simulacra
  A hound zombie (D:4)
  A howler monkey zombie (D:4)
  Robin (D:3)
  12 adders
  13 gnolls
  2 river rats (Sewer)
  4 naga simulacra (IceCv)
  4 shadow imps
  10 white imps
  4 ufetubi (IceCv)
  2 adder zombies (D:4)
  3 adder skeletons (D:4)
  6 ribbon worms
  9 dart slugs
  41 orcs
  12 ball pythons
  10 bats
  8 endoplasms
  6 giant cockroaches
  24 goblins
  15 hobgoblins
  7 jackals
  18 kobolds
  6 quokkas
  6 frilled lizards
  A quokka zombie (D:4)
  5 rats
388 creatures vanquished.

Vanquished Creatures (others)
  An orc (D:6)
1 creature vanquished.

Grand Total: 389 creatures vanquished

Notes
Turn   | Place    | Note
-------+----------+-------------------------------------------
     0 | D:1      | Gadfly the Spriggan Enchanter began the quest for the Orb.
     0 | D:1      | Reached XP level 1. HP: 9/9 MP: 5/5
   246 | D:1      | Reached XP level 2. HP: 12/14 MP: 6/6
   267 | D:1      | Learned a level 2 spell: Ensorcelled Hibernation
  1104 | D:2      | Reached skill level 1 in Evocations
  1104 | D:2      | Reached XP level 3. HP: 9/17 MP: 3/8
  1213 | D:2      | Noticed Terence
  1222 | D:2      | Killed Terence
  1223 | D:2      | Reached skill level 1 in Fighting
  1223 | D:2      | Reached XP level 4. HP: 14/22 MP: 6/9
  1254 | D:2      | Learned a level 3 spell: Confusing Touch
  1345 | D:2      | Found a faded altar of an unknown god.
  1492 | D:2      | Reached skill level 5 in Stealth
  1742 | D:3      | Found Amouddom's Antique Weapon Emporium.
  1884 | D:3      | Found a glowing drain.
  1895 | Sewer    | Entered a sewer
  2077 | Sewer    | Reached XP level 5. HP: 25/25 MP: 11/11
  3091 | D:3      | Reached XP level 6. HP: 30/30 MP: 9/12
  3491 | D:3      | Bought a glowing dagger for 140 gold pieces
  3563 | D:4      | Noticed Robin
  3756 | D:3      | Killed Robin
  3938 | D:4      | Reached skill level 6 in Stealth
  3973 | D:4      | Noticed an orc warrior
  3997 | D:4      | Found a glowing silver altar of Zin.
  4070 | D:4      | Reached XP level 7. HP: 26/35 MP: 11/14
  4210 | D:4      | Noticed Edmund
  4234 | D:4      | Killed Edmund
  4235 | D:4      | Reached skill level 5 in Hexes
  4392 | D:4      | Reached skill level 5 in Dodging
  4914 | D:4      | Found a runed translucent gate.
  4914 | D:4      | Found a runed translucent gate.
  4914 | D:4      | Found a runed translucent gate.
  5163 | D:4      | Noticed luckylaki's ghost (amateur TrBe)
  5163 | D:4      | Noticed Zeo's ghost (amateur BaHu)
  5267 | D:5      | Entered Level 5 of the Dungeon
  5268 | D:5      | Found a staircase to the Ecumenical Temple.
  5284 | Temple   | Entered the Ecumenical Temple
  5291 | Temple   | Reached skill level 7 in Stealth
  5363 | Temple   | Became a worshipper of Gozag Ym Sagoz the Greedy
  5390 | D:5      | HP: 1/35 [iguana (12)]
  5601 | D:5      | Reached skill level 5 in Spellcasting
  5601 | D:5      | Reached XP level 8. HP: 19/39 MP: 13/16
  5889 | D:5      | Found a bloodstained altar of Trog.
  5890 | D:5      | Found a sacrificial altar of Ru.
  5908 | D:5      | Found a white marble altar of Elyvilon.
  5909 | D:5      | Found a glowing golden altar of the Shining One.
  5909 | D:5      | Found a burning altar of Makhleb.
  6026 | D:5      | You fall into a shaft and drop 3 floors!
  6441 | D:5      | Found a shimmering altar of Xom.
  6504 | D:5      | Found a shimmering blue altar of Sif Muna.
  6504 | D:5      | Found a blossoming altar of Fedhas.
  6681 | D:6      | Reached skill level 5 in Evocations
  6780 | D:6      | Identified the +1 war axe of Descent {heavy, Will+ rCorr
                  | Dex+5 Stlth-}
  6780 | D:6      | Noticed Eustachio
  6787 | D:6      | Killed Eustachio
  6788 | D:6      | Reached skill level 8 in Stealth
  6883 | D:6      | Reached skill level 5 in Short Blades
  7067 | D:6      | Reached XP level 9. HP: 40/44 MP: 15/18
  8012 | D:7      | Found an ornate altar of the Wu Jian Council.
  8032 | D:7      | Reached skill level 9 in Stealth
  8888 | D:8      | Gained mutation: You are agile. (Dex +4, Str/Int -1)
                  | [potion of mutation]
  8888 | D:8      | Gained mutation: You are very agile. (Dex +8, Str/Int -2)
                  | [potion of mutation]
  8888 | D:8      | Gained mutation: You possess an exceptional clarity of
                  | mind. [potion of mutation]
  8933 | D:8      | Reached XP level 10. HP: 46/51 MP: 6/21
  9673 | D:9      | Found Okketrad's Armour Shoppe.
  9892 | D:9      | Reached skill level 10 in Stealth
 10051 | D:9      | Reached skill level 5 in Fighting
 10616 | D:10     | Entered Level 10 of the Dungeon
 10642 | D:10     | Found Ogah's Armour Shop.
 10646 | D:10     | Found a flagged portal.
 10679 | Bailey   | Entered a bailey
 11108 | Bailey   | Found an iron altar of Okawaru.
 11108 | Bailey   | Noticed an orc sorcerer
 11413 | Bailey   | Noticed a smoke demon
 11418 | Bailey   | Noticed an orange demon
 11514 | Bailey   | Killed an orc sorcerer
 11574 | Bailey   | Reached XP level 11. HP: 56/56 MP: 24/24
 11650 | Bailey   | Got the Atlas of Quicksand and the Gang
 11903 | D:10     | Reached skill level 11 in Stealth
 11909 | D:10     | Noticed Snorg
 11909 | D:10     | Noticed Joseph
 11925 | D:10     | Noticed a sixfirhy
 11930 | D:10     | Noticed a two-headed ogre
 12105 | D:10     | Noticed Urug
 12116 | D:9      | Killed Snorg
 12136 | D:10     | Killed Urug
 12521 | D:9      | Killed a two-headed ogre
 12592 | D:10     | Killed Joseph
 12667 | D:10     | Acquired the amulet of Beauty {rF+ rN+ Regen+}
 13202 | D:11     | Noticed Lodul
 13213 | D:11     | Noticed a fire crab
 13269 | D:11     | Killed Lodul
 13311 | D:11     | Found a staircase to the Lair.
 13322 | D:11     | Found a portal to a secret trove of treasure.
 13327 | D:11     | Killed a fire crab
 13328 | D:11     | Reached skill level 12 in Stealth
 13462 | D:11     | Found a frozen archway.
 13519 | IceCv    | Entered an ice cave
 13664 | IceCv    | Reached skill level 10 in Dodging
 14237 | IceCv    | Reached XP level 12. HP: 61/61 MP: 26/26
 14768 | IceCv    | Killed from afar by an ice statue

Illustrated notes

Levels and vault maps discovered:
D:1:      kennysheep_arrival_seaside, layout_loops_corners
D:2:      layout_loops_ring, shapermc_ecumenical_altar_totnotflames,
          uniq_terence
D:3:      layout_loops_cross, portal_sewer_entry_d, serial_shops, shop,
          minmay_quantized
D:4:      layout_basic, zin_academy, gammafunk_ghost_cemetery, serial_undead,
          serial_undead_d, serial_undead_c, serial_undead_d, serial_undead_f,
          serial_undead_c, uniq_edmund, uniq_robin
D:5:      layout_rooms, mainiacjoe_overflow_brackets,
          grunt_temple_overflow_open, minmay_temple_entry_drinking_statues,
          minmay_misc_feat_square
D:6:      minmay_chambers_of_threes, layout_cave_pools, uniq_eustachio
D:7:      layout_basic, mainiacjoe_overflow_chevrons, serial_glass,
          glass_columns_b, glass_columns_b, corexii_hall_statues_i
D:8:      layout_rooms, nicolae_wwwww, hangedman_abyss_or_decor_stagger,
          chequers_serial_rivers_large_a
D:9:      layout_basic, serial_shops, nicolae_shop_scrapyard
D:10:     layout_rooms, enter_bailey_5, nicolae_take_the_stairs, uniq_joseph,
          uniq_urug, uniq_snorg
D:11:     layout_rooms, minmay_lair_entry_lava, serial_shops, shop,
          portal_ice_cave_entry_ice_simulacra, enter_trove_3, uniq_josephine,
          uniq_lodul
Temple:   nicolae_temple_no_exploring_needed
IceCv:    ice_cave_caverns_01

Skill      XL: |  1  2  3  4  5  6  7  8  9 10 11 |
---------------+----------------------------------+-----
Spellcasting   | 3 4 5 7 8 9 |  9.4
Dodging        | 3 4 5 6 7 8 10 | 10.1
Evocations     | 1 2 3 4 5 6 8 9 |  9.5
Fighting       | 1 2 3 4 5 6 |  6.3
Short Blades   | 2 3 5 6 7 8 |  8.6
Stealth        | 5 6 7 8 9 10 12 | 12.3
Hexes          | 4 5 6 7 8 9 |  9.7

Action                     |  1- 3 |  4- 6 |  7- 9 | 10-12 || total
---------------------------+-------+-------+-------+-------++-------
  Melee: Dagger            |    89 |   249 |   280 |   400 ||  1018
         Punch             |       |     1 |     5 |     4 ||    10
   Cast: Ensorcelled Hiber |    11 |    27 |    94 |   113 ||   245
         Confusing Touch   |       |     1 |     9 |    23 ||    33
  Evoke: Wand              |       |       |       |     8 ||     8
    Use: Scroll            |     2 |     7 |     7 |     5 ||    21
         Potion            |       |     2 |     2 |       ||     4
   Stab: Sleeping          |    15 |    26 |    61 |    79 ||   181
         Distracted        |     1 |       |     2 |     7 ||    10
         Confused          |       |       |     6 |    18 ||    24
 Armour: Robe              |    20 |    89 |    78 |    68 ||   255
  Dodge: Dodged            |    60 |   222 |   236 |   338 ||   856
  Block: Other             |       |       |    28 |    44 ||    72
         Reflection        |       |       |     2 |     5 ||     7
